 Dungeon Crawl Stone Soup version 0.16-a0-4127-g24fbb24 (webtiles) character file.

2617 Gronka the Blocker (level 9, -1/69 HPs)
             Began as a Human Fighter on Mar 2, 2015.
             Was an Elder of Cheibriados.
             Slain by a phantom (7 damage)
             ... on level 8 of the Dungeon.
             The game lasted 00:22:06 (6124 turns).

Gronka the Blocker (Human Fighter)                  Turns: 6124, Time: 00:22:06

Health: -1/69      AC: 16    Str: 30    XL:     9   Next: 91%
Magic:  19/19      EV:  9    Int: 19    God:    Cheibriados [****..]
Gold:   398        SH: 15    Dex: 22    Spells: 0 memorised, 8 levels left

rFire  + . .     SeeInvis .     a - +2 long sword
rCold  x . .     Clarity  .     t - +1 plate armour
rNeg   . . .     SustAb   .     c - +0 shield
rPois  .         Gourm    .     (no helmet)
rElec  .         Spirit   .     (no cloak)
rCorr  .         Warding  .     (no gloves)
rMut   .         Stasis   .     (no boots)
MR     .....                    (no amulet)
Stlth  ..........               C - ring "Myusy" {+Fly MP+9}
                                k - ring of fire

@: lethally poisoned (-1 -> -1), very slow, not resistant to hostile
enchantments, extremely unstealthy
A: large bone plates 1, wild magic 1, MP-powered wands 1
a: Bend Time, Temporal Distortion, Slouch, Renounce Religion, Evoke Flight


You were on level 8 of the Dungeon.
You worshipped Cheibriados.
Cheibriados was greatly pleased with you.
You were not hungry.

You visited 2 branches of the dungeon, and saw 9 of its levels.

You collected 398 gold pieces.

Inventory:

Hand weapons
 a - a +2 long sword (weapon)
Armour
 b - a +0 scale mail
 c - a +0 shield (worn)
 m - a +0 chain mail
 t - a +1 plate armour (worn)
Jewellery
 k - a ring of fire (left hand)
 C - the ring "Myusy" (right hand) {+Fly MP+9}
   (You found it on level 5 of the Dungeon)

   [ring of magical power]

   It affects your magic capacity (+9).
   It lets you fly.
Magical devices
 d - a wand of magic darts (34)
 o - a wand of heal wounds (0)
 s - a wand of fireball (0)
Scrolls
 g - 3 scrolls of amnesia {unknown}
 h - a scroll of recharging
 l - 6 scrolls of identify
 n - a scroll of enchant armour
 u - a scroll of remove curse
 v - 3 scrolls of fear {unknown}
 x - 4 scrolls of random uselessness {unknown}
 y - a scroll of teleportation {unknown}
 z - a scroll of immolation {unknown}
 G - a scroll of noise {unknown}
Potions
 e - a potion of might
 i - a potion of mutation
 j - a potion of magic
 w - a potion of ambrosia
 A - a potion of agility {unknown}
 B - a potion of cure mutation {unknown}
 E - 3 potions of restore abilities {unknown}
 F - a potion of lignification {unknown}
Comestibles
 f - 6 meat rations
 p - a slice of pizza
 q - 3 beef jerkies
 D - 2 bread rations


   Skills:
 + Level 5.6 Fighting
 + Level 5.9 Long Blades
 + Level 6.7 Armour
 + Level 3.3 Dodging
 + Level 0.9 Stealth
 + Level 8.0 Shields
 + Level 1.0 Evocations


You had 8 spell levels left.
You didn't know any spells.

Dungeon Overview and Level Annotations

Branches:
Dungeon (8/15)             Temple (1/1) D:4
   Lair: D:8-11

Altars:
Ashenzari
Cheibriados
Dithmenos
Fedhas
Gozag
Kikubaaqudgha
Makhleb
Nemelex Xobeh
Okawaru
Ru
Trog
Vehumet
Xom
Zin
The Shining One

Shops:
D:5 }   D:7 [


Innate Abilities, Weirdness & Mutations

You are partially covered in large bone plates (AC +2, SH +2).
Your spells are a little harder to cast, but a little more powerful.
You expend magic power (3 MP) to slightly strengthen your wands.


Message History

Read which item? (? for menu, Esc to quit)
As you read the scroll labeled CRO KISCHYLLAQ, it crumbles to dust.
You feel aware of your surroundings.
You sensed 2 altars.
It was a scroll of magic mapping.
The warg bites you but does no damage. You block the orc warrior's attack.
The phantom hits you but does no damage.
The warg closely misses you.
The orc priest utters an invocation to Beogh.
You feel a wave of unholy energy pass over you.
You block the orc priest's attack. You block the warg's attack.
The phantom barely misses you. You block the warg's attack.
The orc priest mumbles some strange prayers to Beogh.
You feel troubled.
The orc warrior hits you with a battleaxe.
* * * LOW HITPOINT WARNING * * *
The warg bites you but does no damage.
The orc priest hits you but does no damage.
The phantom hits you!
You die...

,<,,,,* *,,,,,,***,,,,,***,,,,,*
,,,,,,****,,,..,* **..,***,,,,,,,
,,,,,,,,,,,,*#.#* *...,,,,,,,,,,,
,,,,,,*,,*,***..##*..#..,,,,,,,,,
,,,,***,*#.####..##..#.#,,*,,,,,*
,**,,,,,,........#.......,**,,,**
,,**,,,,,.......o(o..#.#,*******
,,,,,,,,........ho#....#.#******
,,,,,,,,........@ho.....?.,,*,,**
,,,,,,,,......:.Woo.......,,,,,,*
,,,,,,,,,.................,,,,,,*
,,,,,,,,,................,,,*,,*,
,,,,,,,,,...........#####**,***,,
,*,,,,,,,,......##>##******,,*,,,
*,,,,,,,,,,.....,,..,,,,,,,,,,,,,
,,,,,,,,***,..##,,.##*******,,>,,
*,,,***,,**,,.**,,.# **,,,,


You could see a phantom, 2 wargs, an orc warrior, 2 orc priests, 2 orc wizards
and an orc.

Vanquished Creatures
  Edmund (D:4)
  2 water moccasins
  A black bear (D:6)
  6 ogres
  A centaur (D:7)
  Sigmund (D:5)
  Blork the orc (D:5)
  2 giant frogs
  4 wights (D:7)
  5 crimson imps
  A jelly (D:7)
  A giant frog zombie (D:7)
  5 hounds
  3 orc priests
  2 centaur skeletons
  8 worker ants
  An iguana (D:7)
  6 orc wizards
  A hound skeleton (D:4)
  Robin (D:4)
  4 gnolls
  5 adders
  2 giant mites
  A shadow imp (D:6)
  A worm (D:2)
  An ooze (D:6)
  29 orcs
  A ball python (D:3)
  13 bats
  2 bat zombies (D:6)
  3 giant cockroaches (D:2)
  15 hobgoblins
  18 kobolds
  5 quokkas
  3 giant geckos
  A giant gecko skeleton (D:4)
  A giant gecko zombie (D:6)
  7 giant newts
  16 goblins
  15 jackals
  A jackal skeleton (D:6)
  12 rats
209 creatures vanquished.

Notes
Turn   | Place    | Note
--------------------------------------------------------------
     0 | D:1      | Gronka, the Human Fighter, began the quest for the Orb.
     0 | D:1      | Reached XP level 1. HP: 18/18 MP: 1/1
   117 | D:1      | Reached XP level 2. HP: 10/24 MP: 2/2
   452 | D:1      | Reached XP level 3. HP: 20/29 MP: 3/3
   654 | D:2      | Reached skill level 1 in Dodging
   819 | D:2      | Reached XP level 4. HP: 31/35 MP: 4/4
  1342 | D:3      | Noticed an ogre
  1353 | D:3      | Killed an ogre
  1353 | D:3      | Reached XP level 5. HP: 25/41 MP: 5/5
  1522 | D:3      | Reached XP level 6. HP: 41/47 MP: 6/6
  1753 | D:4      | Noticed a water moccasin
  1772 | D:4      | Killed a water moccasin
  1772 | D:4      | Reached skill level 4 in Armour
  1780 | D:4      | HP: 2/47 [poisoned by a water moccasin]
  2091 | D:4      | Noticed Robin
  2119 | D:4      | Killed Robin
  2206 | D:4      | Reached XP level 7. HP: 28/53 MP: 7/7
  2477 | D:4      | Noticed Edmund
  2510 | D:4      | Killed Edmund
  2521 | D:4      | Found a staircase to the Ecumenical Temple.
  2533 | Temple   | Entered the Ecumenical Temple
  2650 | Temple   | Became a worshipper of Cheibriados the Contemplative
  2733 | D:4      | Reached skill level 5 in Shields
  3057 | D:4      | Reached skill level 5 in Armour
  3301 | D:4      | Reached XP level 8. HP: 20/60 MP: 8/8
  3648 | D:5      | Entered Level 5 of the Dungeon
  3650 | D:5      | Noticed Blork the orc
  3666 | D:5      | Killed Blork the orc
  3711 | D:5      | Found a blossoming altar of Fedhas.
  3805 | D:5      | Reached skill level 6 in Shields
  3896 | D:5      | Noticed Sigmund
  3914 | D:5      | Killed Sigmund
  4155 | D:5      | Found Affebbi's Gadget Shop.
  4278 | D:5      | Got a scorched steel ring
  4434 | D:5      | Reached XP level 9. HP: 48/67 MP: 10/10
  4581 | D:5      | Identified the ring "Myusy" {+Fly MP+9} (You found it on level 5 of the Dungeon)
  4660 | D:6      | Reached skill level 5 in Fighting
  4660 | D:6      | Reached skill level 1 in Evocations
  4674 | D:6      | Reached skill level 7 in Shields
  4695 | D:6      | Reached skill level 5 in Long Blades
  4772 | D:6      | Found an iron altar of Okawaru.
  4833 | D:6      | Acquired Cheibriados' first power
  4835 | D:6      | Found an ancient bone altar of Kikubaaqudgha.
  5542 | D:7      | Found Skiur's Antique Armour Shop.
  5615 | D:7      | Acquired Cheibriados' second power
  6112 | D:8      | Reached skill level 8 in Shields
  6121 | D:8      | Gained mutation: You are partially covered in large bone plates (AC +2, SH +2). [potion of mutation]
  6121 | D:8      | Gained mutation: You expend magic power (3 MP) to slightly strengthen your wands. [potion of mutation]
  6121 | D:8      | Gained mutation: Your spells are a little harder to cast, but a little more powerful. [potion of mutation]
  6124 | D:8      | Slain by a phantom

Action                   |  1- 3 |  4- 6 |  7- 9 || total
-------------------------+-------+-------+-------++-------
Melee: Long sword        |   118 |   210 |   515 ||   843
Evoke: Wand              |       |       |     4 ||     4
  Use: Scroll            |       |     5 |     5 ||    10
       Potion            |       |     4 |     4 ||     8
  Eat: Bread ration      |       |     2 |     1 ||     3
       Meat ration       |       |       |     1 ||     1
